 Dungeon Crawl Stone Soup version 0.25-a0-341-g6f074c887a (webtiles) character file.

Game seed: 17482735953559116505, levelgen mode: deterministic

669 ivanetc the Ducker (level 7, -12/67 HPs)
             Began as a Troll Fighter on Dec 29, 2019.
             Was a Follower of Vehumet.
             Mangled by an ogre
             ... wielding a +0 giant club
              (23 damage)
             ... on level 6 of the Dungeon on Dec 30, 2019.
             The game lasted 00:27:22 (4194 turns).

ivanetc the Ducker (Troll Fighter)                  Turns: 4194, Time: 00:27:23

Health: -12/67     AC:  7    Str: 27    XL:     7   Next: 32%
Magic:  6/6        EV:  9    Int:  4    God:    Vehumet [*.....]
Gold:   213        SH:  9    Dex:  9    Spells: 6/6 levels left

rFire    . . .     SeeInvis .   t - +2 short sword (vamp)
rCold    . . .     Gourm    +   c - +0 shield
rNeg     . . .     Faith    .   b - +0 robe
rPois    .         Spirit   .   (helmet restricted)
rElec    .         Reflect  .   D - +0 cloak (curse)
rCorr    .         Harm     .   (gloves unavailable)
MR       .....     Rnd*Tele +   (boots unavailable)
Stlth    +.........             (no amulet)
HPRegen  0.61/turn              M - ring of teleportation (curse)
MPRegen  0.10/turn              (no ring)

@: lethally poisoned (-12 -> -12)
A: large, unfitting armour, claws 3, fast metabolism 3, gourmand, regeneration
1, shaggy fur 1, tough skin 3
a: Renounce Religion


You were on level 6 of the Dungeon.
You worshipped Vehumet.
Vehumet was aware of your devotion.
You were hungry.

You visited 2 branches of the dungeon, and saw 7 of its levels.

You collected 213 gold pieces.

Inventory:

Hand Weapons
 a - a +1 flail
 k - a +0 mace
 n - a cursed -3 spear
 t - a +2 vampiric short sword (weapon)
 u - a +0 dagger
 C - a +0 rapier
 H - a +0 rapier
 J - a +0 rapier
 K - a +0 quarterstaff
 N - a +0 giant club
 Q - a +0 falchion
Missiles
 h - 175 arrows
 o - 12 sling bullets
 R - 13 stones (quivered)
Armour
 b - a +0 robe (worn)
 c - a +0 shield (worn)
 g - a scarf of resistance
 m - a +0 scale mail
 p - a +0 pair of gloves
 v - a +0 ring mail
 w - a +0 ring mail
 y - a +0 chain mail
 A - a +0 pair of gloves
 B - a +0 leather armour
 D - a cursed +0 cloak (worn)
 I - a +0 cloak
 P - a +0 ring mail
Jewellery
 M - a cursed ring of teleportation (left claw)
Wands
 z - a wand of enslavement (11)
Scrolls
 i - 3 scrolls of identify {unknown}
 s - 3 scrolls of fear
 x - 2 scrolls of remove curse {unknown}
 F - 5 scrolls of teleportation
 O - a scroll of random uselessness {unknown}
 S - a scroll of enchant armour {unknown}
Potions
 d - 2 potions of might
 e - a potion of lignification {unknown}
 j - 2 potions of ambrosia {unknown}
 l - 2 potions of brilliance {unknown}
 q - 2 potions of degeneration {unknown}
 r - 2 potions of cancellation {unknown}
 E - a potion of invisibility {unknown}
 G - 2 potions of curing {unknown}
 L - a potion of magic {unknown}
Comestibles
 f - a ration


   Skills:
 + Level 3.4 Fighting
 + Level 3.2 Short Blades
 + Level 2.9 Maces & Flails
 + Level 4.1 Dodging
 + Level 0.2 Stealth
 + Level 3.8 Shields


You had 6 spell levels left.
You didn't know any spells.
Your spell library was empty.

Dungeon Overview and Level Annotations

Branches:
Dungeon (6/15)             Temple (1/1) D:5

Altars:
Ashenzari
Cheibriados
Fedhas
Hepliaklqana
Ru
Sif Muna
Trog
Uskayaw
Vehumet
Wu Jian
Yredelemnul


Innate Abilities, Weirdness & Mutations

You are too large for most types of armour.
You have claws for hands.
Your metabolism is lightning-fast.
You like to eat raw meat.
Your natural rate of healing is unusually fast.
You are covered in fur. (AC +1)
You have extremely tough skin. (AC +3)


Message History

You barely miss the ogre.
The ogre is lightly wounded.
The ogre hits you with a +0 giant club.
Your shield prevents you from hitting the ogre.
The ogre is lightly wounded.
You feel sick. You block the ogre's attack.
You barely miss the ogre.
The ogre is lightly wounded.
The ogre barely misses you.
You puncture the ogre!
The ogre is heavily wounded.
Your shield prevents you from hitting the ogre.
The ogre is heavily wounded.
You feel sick.
The ogre hits you with a +0 giant club!!
* * * LOW HITPOINT WARNING * * *
You puncture the ogre!
The ogre is severely wounded.
The ogre hits you with a +0 giant club!!
You die...

#.# ..###.. ##. #.#
...# #. .. . #.# #..
..# .. #.# #.. ..##
###.# #.. ... ##.#.#
#.# #.#
#.#..####.###.# #
##.##.........###....
#.##.###....@O....#
#...........####.##
####.######.# #.# #.#
#.# #.. ### #...
#..._ ...... .)....


You could see an ogre.

Vanquished Creatures
  2 ogres (D:4)
  A howler monkey (D:4)
  A crimson imp (D:3)
  2 hounds
  2 orc wizards (D:5)
  4 worker ants
  A howler monkey zombie (D:5)
  9 adders
  4 adder skeletons
  4 worms
  2 dart slugs
  11 orcs
  7 bats
  3 giant cockroaches
  9 goblins
  4 hobgoblins
  12 jackals
  9 kobolds
  2 quokkas
  6 frilled lizards
  4 rats
99 creatures vanquished.

Vanquished Creatures (others)
  A plant (D:4)
1 creature vanquished.

Grand Total: 100 creatures vanquished

Notes
Turn   | Place    | Note
-------+----------+-------------------------------------------
     0 | D:1      | ivanetc the Troll Fighter began the quest for the Orb.
     0 | D:1      | Reached XP level 1. HP: 22/22 MP: 0/0
   330 | D:1      | Reached XP level 2. HP: 29/29 MP: 1/1
   837 | D:2      | Reached XP level 3. HP: 30/36 MP: 2/2
   935 | D:2      | Upgraded the game from 0.25-a0-339-gb37b713d4c to
                  | 0.25-a0-341-g6f074c887a
  1008 | D:2      | Reached XP level 4. HP: 41/44 MP: 3/3
  1341 | D:3      | Reached skill level 3 in Dodging
  1372 | D:3      | Reached XP level 5. HP: 45/52 MP: 4/4
  1417 | D:3      | Found a radiant altar of Vehumet.
  1419 | D:3      | Found a shattered altar of Ashenzari.
  1430 | D:3      | Reached skill level 1 in Short Blades
  1441 | D:3      | Became a worshipper of Vehumet
  1553 | D:3      | Paralysed by fainting for 12 turns
  1968 | D:4      | Reached * piety under Vehumet
  1968 | D:4      | Offered knowledge of Magic Dart by Vehumet.
  2125 | D:4      | Reached XP level 6. HP: 53/61 MP: 5/5
  2229 | D:4      | Paralysed by fainting for 12 turns
  2564 | D:4      | Paralysed by fainting for 12 turns
  2577 | D:4      | Paralysed by fainting for 11 turns
  2592 | D:4      | Paralysed by fainting for 7 turns
  2888 | D:4      | Reached skill level 4 in Dodging
  2958 | D:5      | Entered Level 5 of the Dungeon
  3225 | D:5      | Found a staircase to the Ecumenical Temple.
  3244 | D:5      | Reached XP level 7. HP: 44/67 MP: 6/6
  3304 | Temple   | Entered the Ecumenical Temple
  3661 | D:5      | Paralysed by fainting for 8 turns
  4177 | D:6      | Found a bloodstained altar of Trog.
  4194 | D:6      | Mangled by an ogre

Levels and vault maps discovered:
D:1:      evilmike_arrival_rings, layout_basic, minmay_statues_item,
          minmay_misc_feat_rugged
D:2:      layout_rooms
D:3:      layout_basic, chequers_temple_overflow_statue_of_worship
D:4:      wad_lake_hut, layout_loops_ring, first_ration
D:5:      layout_loops_corners, minmay_temple_entry_statues_fountains
D:6:      layout_loops_ring, minitemple, marbit_many_paths, basic_altar,
          minmay_joined_circles, uniq_sigmund
Temple:   nicolae_temple_figure_zero

Skill      XL: |  1  2  3  4  5  6  7 |
---------------+----------------------+-----
Maces & Flails | 2 |  2.9
Dodging        | 3 4 |  4.1
Shields        | 3 |  3.8
Short Blades   | 1 2 3 |  3.2
Fighting       | 3 |  3.4
Stealth        | |  0.2

Action                   |  1- 3 |  4- 6 |  7- 9 || total
-------------------------+-------+-------+-------++-------
Melee: Flail             |   131 |       |       ||   131
       Short sword       |    15 |   349 |   123 ||   487
  Use: Scroll            |     5 |       |       ||     5
       Potion            |       |       |     1 ||     1
 Stab: Sleeping          |       |       |     1 ||     1
  Eat: Chunk             |     3 |     3 |       ||     6
       Ration            |     1 |     5 |     3 ||     9
Armor: Robe              |    67 |   110 |    30 ||   207
Dodge: Dodged            |    64 |   110 |    25 ||   199
Block: Shield            |    78 |   183 |    53 ||   314

Table legend:
 A = Non-vault XP
 B = Vault XP
 C = Vault XP percentage of total XP
 D = Non-vault monster count
 E = Vault monster count
 F = Vault count percentage of total count
                 A         B        C        D         E       F
            +---------+---------+-------+---------+---------+-------
      Total |     956 |       0 |   0.0 |      99 |       0 |   0.0
            +---------+---------+-------+---------+---------+-------
        D:1 |      32 |       0 |   0.0 |      17 |       0 |   0.0
        D:2 |      98 |       0 |   0.0 |      25 |       0 |   0.0
        D:3 |      89 |       0 |   0.0 |      13 |       0 |   0.0
        D:4 |     470 |       0 |   0.0 |      23 |       0 |   0.0
        D:5 |     185 |       0 |   0.0 |      13 |       0 |   0.0
        D:6 |      82 |       0 |   0.0 |       8 |       0 |   0.0
            +---------+---------+-------+---------+---------+-------
